 Dungeon Crawl Stone Soup version 0.21.0-3-g78d12a8 (webtiles) character file.

205 MDvedh the Cudgeler (level 6, -3/47 HPs)
             Began as a Human Monk on Jan 8, 2018.
             Slain by Amaterasu's ghost (8 damage)
             ... on level 3 of the Dungeon.
             The game lasted 00:03:08 (2774 turns).

MDvedh the Cudgeler (Human Monk)                    Turns: 2774, Time: 00:03:09

Health: -3/47      AC: 12    Str: 13    XL:     6   Next: 9%
Magic:  6/6        EV:  6    Int: 11    God:
Gold:   97         SH:  4    Dex: 15    Spells: 5/5 levels left

rFire    . . .     SeeInvis .   a - +0 mace
rCold    . . .     Gourm    .   (no shield)
rNeg     . . .     Faith    .   n - +0 chain mail
rPois    .         Spirit   .   w - +2 helmet
rElec    .         Reflect  +   (no cloak)
rCorr    .         Harm     .   (no gloves)
MR       .....                  s - +0 pair of boots
Stlth    ..........             e - +4 amulet of reflection
HPRegen  0.15/turn              (no ring)
MPRegen  0.10/turn              (no ring)

@: no status effects
A: no striking features
a: no special abilities


You were on level 3 of the Dungeon.
You were not hungry.

You visited 1 branch of the dungeon, and saw 3 of its levels.

You collected 97 gold pieces.

Inventory:

Hand Weapons
 a - a +0 mace (weapon)
Armour
 b - a +0 robe
 k - a +0 ring mail
 n - a +0 chain mail (worn)
 s - a +0 pair of boots (worn)
 w - a +2 helmet (worn)
Jewellery
 e - a +4 amulet of reflection (around neck)
 l - an uncursed ring of protection from magic {unknown}
Scrolls
 f - 4 scrolls of immolation {unknown}
 g - 2 scrolls of enchant armour {unknown}
 i - 4 scrolls of fog {unknown}
 j - 2 scrolls of amnesia {unknown}
 m - a scroll of remove curse {unknown}
 o - 2 scrolls of identify {unknown}
 p - a scroll of blinking {unknown}
 u - 5 scrolls of teleportation {unknown}
Potions
 d - a potion of heal wounds {unknown}
 h - a potion of curing
 q - a potion of mutation {unknown}
 r - a potion of degeneration {unknown}
 x - a potion of might {unknown}
Books
 t - a book of Minor Magic

   Spells                             Type                      Level
   a - Magic Dart                     Conjuration                  1
   b - Blink                          Translocation                2
   c - Call Imp                       Summoning                    2
   d - Slow                           Hexes                        2
   e - Conjure Flame                  Conjuration/Fire             3
   f - Mephitic Cloud                 Conjuration/Poison/Air       3
Comestibles
 c - 7 rations
 v - 3 chunks of flesh


   Skills:
 - Level 3.0 Fighting
 + Level 6.3 Maces & Flails
 - Level 3.0 Dodging
 - Level 2.0 Stealth


You had 5 spell levels left.
You didn't know any spells.

Dungeon Overview and Level Annotations

Branches:
Dungeon (3/15)

Altars:

Annotations:
D:3 Amaterasu's ghost, amateur DrMo


Message History

It was a potion of curing.
You feel better.
Amaterasu's ghost hits you but does no damage.
You closely miss Amaterasu's ghost.
Amaterasu's ghost is severely damaged.
You block Amaterasu's ghost's attack.
You closely miss Amaterasu's ghost.
Amaterasu's ghost is severely damaged.
Amaterasu's ghost hits you.
* * * LOW HITPOINT WARNING * * *
You closely miss Amaterasu's ghost.
Amaterasu's ghost is severely damaged.
Amaterasu's ghost barely misses you.
You closely miss Amaterasu's ghost.
Amaterasu's ghost is severely damaged.
Amaterasu's ghost hits you!
* * * LOW HITPOINT WARNING * * *
You miss Amaterasu's ghost.
Amaterasu's ghost is severely damaged.
Amaterasu's ghost hits you!
You die...

#.# #.......... ...
#.....##### #.#####
#.......... #......
#......####
#.#.#...########....)....#
#....................###.#
...#...########.....# #.#
#...########.....# #.#
#...(@W...##.....# #.#
##........######## #.#
#........# #.#
#........##########.#
#########.........#.#
..........# ....>[..###
........### ...........


You could see Amaterasu's ghost.

Vanquished Creatures
  Terence (D:2)
  Natasha (thrice) (D:2)
  Robin (D:3)
  3 adders
  An ooze (D:2)
  A worm (D:2)
  A dart slug (D:1)
  A leopard gecko (D:2)
  A ball python (D:1)
  2 bats (D:1)
  A giant cockroach (D:3)
  13 goblins
  13 hobgoblins
  4 jackals (D:1)
  2 quokkas
  A frilled lizard (D:3)
  A kobold (D:2)
  4 rats
54 creatures vanquished.

Notes
Turn   | Place    | Note
-------+----------+-------------------------------------------
     0 | D:1      | MDvedh the Human Monk began the quest for the Orb.
     0 | D:1      | Reached XP level 1. HP: 18/18 MP: 1/1
   128 | D:1      | Reached XP level 2. HP: 24/24 MP: 2/2
   738 | D:1      | Reached skill level 4 in Maces & Flails
   738 | D:1      | Reached XP level 3. HP: 29/29 MP: 3/3
   925 | D:2      | Noticed Natasha
   940 | D:2      | Killed Natasha
  1281 | D:2      | Noticed Natasha
  1297 | D:2      | Killed Natasha
  1297 | D:2      | Reached skill level 5 in Maces & Flails
  1297 | D:2      | Reached XP level 4. HP: 28/35 MP: 4/4
  1365 | D:2      | Noticed Natasha
  1379 | D:2      | HP: 1/35 [Natasha (3)]
  1380 | D:2      | Killed Natasha
  1380 | D:2      | Reached XP level 5. HP: 1/41 MP: 5/5
  2245 | D:2      | Noticed Terence
  2268 | D:2      | Killed Terence
  2496 | D:3      | Noticed Robin
  2502 | D:3      | Reached skill level 6 in Maces & Flails
  2546 | D:3      | Killed Robin
  2566 | D:3      | Reached XP level 6. HP: 34/47 MP: 6/6
  2741 | D:3      | Noticed Amaterasu's ghost (amateur DrMo)
  2768 | D:3      | HP: 1/47 [Amaterasu's ghost (7)]
  2774 | D:3      | Slain by Amaterasu's ghost

Skill      XL: |  1  2  3  4  5 |
---------------+----------------+-----
Maces & Flails | 4 5 6 |  6.3
Fighting       | |  3.0
Dodging        | |  3.0
Stealth        | |  2.0

Action                   |  1- 3 |  4- 6 || total
-------------------------+-------+-------++-------
Melee: Mace              |    68 |   187 ||   255
  Use: Potion            |       |     1 ||     1
 Stab: Sleeping          |     3 |       ||     3
  Eat: Chunk             |     1 |     5 ||     6
Armor: Robe              |     1 |       ||     1
       Ring mail         |    16 |       ||    16
       Chain mail        |    17 |    74 ||    91
Dodge: Dodged            |    42 |    56 ||    98
Block: Other             |     8 |    28 ||    36
